 Dungeon Crawl Stone Soup version 0.28.0-53-g5a82cb258f (webtiles) character file.

Game seed: 10528034244794058540

53 Nyth the Twirler (level 3, 0/22 HPs)
             Began as a Gargoyle Gladiator on Aug 12, 2022.
             Slain by a gnoll
             ... wielding a +0 flail
              (8 damage)
             ... on level 2 of the Dungeon.
             The game lasted 00:02:23 (1504 turns).

Nyth the Twirler (Gargoyle Gladiator)               Turns: 1504, Time: 00:02:24

Health: 0/22       AC:  7    Str: 19    XL:     3   Next: 87%
Magic:  3/3        EV: 12    Int:  8    God:
Gold:   18         SH:  0    Dex: 11    Spells: 2/2 levels left

rFire   . . .      SeeInvis .   a - +0 quarterstaff
rCold   . . .      Faith    .   (shield currently unavailable)
rNeg    + . .      Spirit   .   b - +0 leather armour
rPois   ∞          Reflect  .   c - +0 helmet
rElec   +          Harm     .   (no cloak)
rCorr   .          Rampage  .   (no gloves)
Will    .....                   (no boots)
Stlth   +.........              (no amulet)
HPRegen 0.07/turn               (no ring)
MPRegen 0.08/turn               (no ring)

@: no status effects
A: sickness immunity, AC +3, negative energy resistance 1, electricity
resistance, torment resistance 1, petrification resistance
a: no special abilities


You were on level 2 of the Dungeon.
You visited 1 branch of the dungeon, and saw 2 of its levels.

You collected 18 gold pieces.

Inventory:

Hand Weapons
 a - a +0 quarterstaff (weapon)
Missiles
 d - 3 throwing nets (quivered)
Armour
 b - a +0 leather armour (worn)
 c - a +0 helmet (worn)
Scrolls
 f - a scroll of torment {unknown}
 g - 3 scrolls of identify {unknown}
 k - 2 scrolls of teleportation {unknown}
Potions
 e - a potion of cancellation {unknown}
 h - a potion of magic {unknown}
 i - a potion of might {unknown}
 j - 2 potions of heal wounds {unknown}
 l - a potion of brilliance {unknown}


   Skills:
 + Level 2.4 Fighting
 + Level 3.9 Staves
 + Level 1.8 Throwing
 + Level 0.7 Armour
 + Level 2.9 Dodging


You had 2 spell levels left.
You didn't know any spells.
Your spell library was empty.

Dungeon Overview and Level Annotations

Branches:
Dungeon (2/15)

Altars:


Innate Abilities, Weirdness & Mutations

You are immune to sickness and miasma.
Your stone body is resilient. (AC +3)
You are immune to poison.
You resist negative energy. (rN+)
You are resistant to electric shocks. (rElec)
You are resistant to unholy torment.
You are immune to petrification.


Message History

You closely miss the kobold. The kobold closely misses you.
You barely miss the kobold. The kobold hits you with a +0 dagger.
You closely miss the kobold. The kobold misses you.
You hit the kobold.
You kill the kobold!
No target in view!
HP restored.
l - a puce potion No target in view!
Things that are here:
a +0 dagger; a kobold corpse No target in view!
A gnoll comes into view. It is wielding a +0 spear.
An endoplasm comes into view.
The gnoll shouts!
You hear a shout! x2
A gnoll comes into view. It is wielding a +0 flail.
A ball python and 2 gnolls come into view.
The gnoll shouts! x3
A goblin comes into view. It is wielding a +0 club.
An endoplasm comes into view.
Found a leather armour.
The gnoll hits you with a +0 club.
The gnoll hits you from afar with a +0 spear!
You closely miss the gnoll. The gnoll barely misses you.
You thump the gnoll!
The gnoll is almost dead.
The gnoll misses you. The gnoll hits you with a +0 club.
You sock the gnoll!
You kill the gnoll!
The gnoll closely misses you.
The gnoll hits you from afar with a +0 spear.
You hit the gnoll.
The gnoll is heavily wounded.
The gnoll closely misses you.
The gnoll hits you from afar with a +0 spear.
Sorry, you're not good enough to have a special ability.
You hit the gnoll.
The gnoll is severely wounded.
The gnoll hits you with a +0 flail!
You die...

..... .S.. ......
..#.. ......####...#
.......#...# #.gJ#
.......#g##
.#######Sg# ##g# #@#
. ########.###....
..###...............
.........)##.#######
#.###....##.#
#.<..##..
#......###.#
###....# .. #......
...


You could see 3 gnolls, an endoplasm, a goblin and a ball python.

Vanquished Creatures
  A gnoll (D:2)
  5 ball pythons (D:1)
  2 bats (D:1)
  3 endoplasms (D:1)
  2 giant cockroaches (D:1)
  7 goblins (D:1)
  6 hobgoblins (D:1)
  5 kobolds
  A quokka (D:1)
  2 frilled lizards (D:1)
  A rat (D:1)
35 creatures vanquished.

Notes
Turn   | Place    | Note
-------+----------+-------------------------------------------
     0 | D:1      | Nyth the Gargoyle Gladiator began the quest for the Orb.
     0 | D:1      | Reached XP level 1. HP: 12/12 MP: 1/1
   366 | D:1      | Reached XP level 2. HP: 12/17 MP: 2/2
   606 | D:1      | Found a faded altar of an unknown god.
   797 | D:1      | Reached XP level 3. HP: 19/21 MP: 3/3
  1504 | D:2      | Slain by a gnoll

Illustrated notes

Levels and vault maps discovered:
D:1:      dpeg_arrival_morbid_curiosity, layout_basic,
          hellmonk_ecumenical_altar_slurped_away
D:2:      layout_rooms

Action                   || total
-------------------------++-------
Melee: Quarterstaff      ||    92
Armor: Leather armour    ||    36
Dodge: Dodged            ||    61
